[ PARTIDA AOE2 · #505839682 ]
UnrankedWei vs Goths
Equipo del jugador · DERR
Equipo rival · VICT
[ ANÁLISIS DE REPETICIÓN · EXTRAÍDO DE LA PARTIDA GRABADA ]
Feudal
8:50
Castillos
—
Imperial
—
| APM promedio | 71.6 |
| APM pico | 107 |
| eAPM promedio | 31.9 |
| Aldeanos / militares | 50 / 22 |
Foco
⚔️ 41.1% · 🌾 58.9%
Skirmisher ×21 · Spearman ×1
Feudal
9:00
Castillos
23:12
Imperial
—
| APM promedio | 73.1 |
| APM pico | 129 |
| eAPM promedio | 33.9 |
| Aldeanos / militares | 60 / 55 |
Foco
⚔️ 52.4% · 🌾 47.6%
Militia ×38 · Archer ×15 · Spearman ×2
Mapa de la partida
Recursos iniciales + cada clic de construcción. Líneas = muros · curvas = relieve. ◆ oro · ⬟ piedra · ● bayas · ✦ reliquia · ◌ hueco del cierre
Tu base· Abierta — hueco de 6t
Base de OS+ | NeoZz· Abierta — hueco de 4t
Terreno inicial suavizado · ◌ = hueco del cierre detectado · pasá el cursor para detalles
Inputs por minuto
— ThunderboltX - - OS+ | NeoZz
Build order — ThunderboltX
Primeras 150 de 169 acciones detectadas
| 0:00 | Crear | Villager (Male) |
| 0:01 | Construir | House |
| 0:02 | Construir | House |
| 0:10 | Crear | Villager (Male) |
| 0:10 | Crear | Villager (Male) |
| 0:10 | Crear | Villager (Male) |
| 1:25 | Crear | Villager (Male) |
| 1:59 | Crear | Villager (Male) |
| 2:08 | Crear | Villager (Male) |
| 2:16 | Construir | Lumber Camp |
| 2:41 | Crear | Villager (Male) |
| 3:01 | Crear | Villager (Male) |
| 3:19 | Crear | Villager (Male) |
| 3:42 | Crear | Villager (Male) |
| 3:49 | Construir | House |
| 3:50 | Construir | House |
| 4:04 | Crear | Villager (Male) |
| 4:40 | Construir | Mill |
| 4:42 | Crear | Villager (Male) |
| 5:15 | Crear | Villager (Male) |
| 5:19 | Crear | Villager (Male) |
| 5:19 | Investigar | Loom |
| 6:31 | Construir | House |
| 6:38 | Investigar | Feudal Age |
| 7:03 | Construir | Lumber Camp |
| 7:34 | Construir | Palisade Gate |
| 7:34 | Construir | Palisade Wall |
| 8:16 | Construir | Barracks |
| 8:26 | Crear | Villager (Male) |
| 8:29 | Construir | Palisade Wall |
| 8:50 | Edad | Edad Feudal |
| 8:58 | Crear | Villager (Male) |
| 9:02 | Construir | House |
| 9:03 | Construir | House |
| 9:10 | Construir | Palisade Wall |
| 9:12 | Construir | Palisade Wall |
| 9:14 | Construir | Palisade Wall |
| 9:14 | Construir | Palisade Wall |
| 9:16 | Construir | Palisade Wall |
| 9:18 | Construir | House |
| 9:19 | Construir | House |
| 9:24 | Crear | Villager (Male) |
| 9:25 | Construir | Palisade Wall |
| 9:29 | Crear | Villager (Male) |
| 9:30 | Crear | Villager (Male) |
| 9:32 | Crear | Spearman |
| 9:36 | Construir | Palisade Wall |
| 9:43 | Construir | Palisade Wall |
| 9:56 | Construir | Palisade Wall |
| 9:58 | Construir | Palisade Wall |
| 10:01 | Construir | Palisade Wall |
| 10:06 | Crear | Villager (Male) |
| 10:11 | Construir | Palisade Wall |
| 10:11 | Construir | Palisade Wall |
| 10:28 | Construir | Archery Range |
| 10:42 | Crear | Villager (Male) |
| 10:53 | Construir | Palisade Wall |
| 10:57 | Crear | Villager (Male) |
| 11:04 | Construir | Palisade Wall |
| 11:13 | Investigar | Double-Bit Axe |
| 11:23 | Crear | Skirmisher |
| 11:27 | Construir | Palisade Wall |
| 11:30 | Crear | Skirmisher |
| 11:37 | Construir | Palisade Wall |
| 11:42 | Construir | Palisade Wall |
| 11:42 | Construir | Palisade Wall |
| 11:52 | Crear | Skirmisher |
| 11:52 | Crear | Villager (Male) |
| 12:06 | Investigar | Horse Collar |
| 12:11 | Crear | Skirmisher |
| 12:16 | Crear | Villager (Male) |
| 12:24 | Construir | Farm |
| 12:26 | Construir | Farm |
| 12:34 | Crear | Villager (Male) |
| 12:48 | Crear | Skirmisher |
| 12:54 | Construir | Farm |
| 12:55 | Construir | Farm |
| 13:04 | Construir | Palisade Wall |
| 13:05 | Construir | Palisade Wall |
| 13:06 | Construir | House |
| 13:08 | Construir | House |
| 13:16 | Construir | Farm |
| 13:16 | Construir | Farm |
| 13:17 | Crear | Villager (Male) |
| 13:27 | Construir | Farm |
| 13:28 | Construir | Farm |
| 13:34 | Crear | Villager (Male) |
| 13:40 | Construir | Farm |
| 13:47 | Crear | Skirmisher |
| 14:05 | Construir | Palisade Wall |
| 14:10 | Crear | Villager (Male) |
| 14:13 | Construir | Farm |
| 14:16 | Construir | Farm |
| 14:16 | Construir | Farm |
| 14:47 | Crear | Villager (Male) |
| 14:49 | Crear | Skirmisher |
| 14:49 | Crear | Skirmisher |
| 14:55 | Crear | Skirmisher |
| 14:58 | Construir | Farm |
| 14:58 | Construir | Farm |
| 14:59 | Construir | Farm |
| 15:08 | Construir | House |
| 15:14 | Construir | House |
| 15:21 | Crear | Villager (Male) |
| 15:21 | Crear | Villager (Male) |
| 15:25 | Crear | Skirmisher |
| 15:41 | Crear | Villager (Male) |
| 15:55 | Construir | House |
| 16:12 | Crear | Villager (Male) |
| 16:20 | Construir | Farm |
| 16:24 | Crear | Skirmisher |
| 16:25 | Crear | Villager (Male) |
| 16:30 | Construir | House |
| 16:31 | Construir | Stone Wall |
| 16:31 | Construir | Stone Wall |
| 16:32 | Construir | Watch Tower |
| 16:54 | Construir | House |
| 17:14 | Crear | Skirmisher |
| 17:19 | Construir | Mining Camp |
| 17:23 | Crear | Villager (Male) |
| 17:33 | Construir | Stone Wall |
| 17:48 | Crear | Villager (Male) |
| 18:02 | Crear | Villager (Male) |
| 18:10 | Crear | Villager (Male) |
| 18:23 | Construir | House |
| 18:25 | Construir | Stone Wall |
| 18:36 | Construir | House |
| 18:47 | Construir | Lumber Camp |
| 18:59 | Construir | Stone Wall |
| 19:03 | Crear | Villager (Male) |
| 19:08 | Construir | Stone Wall |
| 19:10 | Construir | House |
| 19:19 | Construir | House |
| 19:22 | Crear | Villager (Male) |
| 19:36 | Crear | Villager (Male) |
| 19:43 | Construir | Blacksmith |
| 19:48 | Crear | Villager (Male) |
| 20:03 | Crear | Skirmisher |
| 20:03 | Crear | Skirmisher |
| 20:03 | Crear | Skirmisher |
| 20:23 | Crear | Villager (Male) |
| 20:32 | Crear | Villager (Male) |
| 20:34 | Construir | Mining Camp |
| 20:37 | Investigar | Fletching |
| 20:43 | Construir | Farm |
| 20:55 | Construir | Farm |
| 20:56 | Construir | Farm |
| 21:00 | Crear | Skirmisher |
| 21:01 | Crear | Skirmisher |
| 21:01 | Crear | Villager (Male) |
Build order — OS+ | NeoZz
Primeras 150 de 195 acciones detectadas
| 0:00 | Crear | Villager (Male) |
| 0:01 | Crear | Villager (Male) |
| 0:02 | Construir | House |
| 0:03 | Construir | House |
| 0:05 | Crear | Villager (Male) |
| 0:11 | Crear | Villager (Male) |
| 1:27 | Crear | Villager (Male) |
| 1:28 | Crear | Villager (Male) |
| 1:52 | Construir | Lumber Camp |
| 1:55 | Crear | Villager (Male) |
| 2:13 | Crear | Villager (Male) |
| 2:45 | Crear | Villager (Male) |
| 3:08 | Crear | Villager (Male) |
| 3:33 | Crear | Villager (Male) |
| 3:33 | Crear | Villager (Male) |
| 3:47 | Construir | House |
| 4:01 | Crear | Villager (Male) |
| 4:01 | Crear | Villager (Male) |
| 4:25 | Crear | Villager (Male) |
| 4:25 | Crear | Villager (Male) |
| 4:46 | Crear | Villager (Male) |
| 4:46 | Crear | Villager (Male) |
| 4:56 | Crear | Villager (Male) |
| 4:56 | Crear | Villager (Male) |
| 5:01 | Investigar | Loom |
| 5:03 | Construir | Mill |
| 5:06 | Construir | Barracks |
| 5:07 | Crear | Villager (Male) |
| 5:10 | Crear | Villager (Male) |
| 5:32 | Crear | Villager (Male) |
| 5:33 | Construir | House |
| 6:14 | Crear | Villager (Male) |
| 6:41 | Construir | Mining Camp |
| 6:50 | Investigar | Feudal Age |
| 7:12 | Crear | Militia |
| 7:37 | Crear | Militia |
| 7:40 | Construir | Mill |
| 7:58 | Construir | House |
| 7:59 | Construir | House |
| 8:00 | Construir | Palisade Wall |
| 8:03 | Crear | Militia |
| 8:13 | Crear | Villager (Male) |
| 9:00 | Edad | Edad Feudal |
| 9:01 | Investigar | Man-at-Arms (upgrade) |
| 9:20 | Crear | Villager (Male) |
| 9:39 | Crear | Villager (Male) |
| 9:42 | Construir | Archery Range |
| 9:43 | Crear | Spearman |
| 10:07 | Investigar | Double-Bit Axe |
| 10:22 | Crear | Villager (Male) |
| 10:25 | Crear | Archer |
| 10:25 | Crear | Archer |
| 10:30 | Construir | Farm |
| 10:43 | Crear | Villager (Male) |
| 10:44 | Construir | Farm |
| 10:48 | Crear | Archer |
| 11:08 | Crear | Villager (Male) |
| 11:09 | Crear | Archer |
| 11:12 | Crear | Spearman |
| 11:18 | Construir | House |
| 11:19 | Construir | Palisade Wall |
| 11:22 | Crear | Villager (Male) |
| 11:47 | Crear | Villager (Male) |
| 11:50 | Construir | Farm |
| 11:52 | Construir | Farm |
| 11:54 | Crear | Villager (Male) |
| 11:55 | Crear | Archer |
| 11:59 | Construir | Palisade Wall |
| 12:00 | Construir | Palisade Wall |
| 12:01 | Construir | Palisade Wall |
| 12:03 | Construir | Palisade Wall |
| 12:04 | Construir | Palisade Wall |
| 12:09 | Crear | Villager (Male) |
| 12:22 | Construir | Farm |
| 12:31 | Crear | Archer |
| 12:37 | Crear | Villager (Male) |
| 12:55 | Crear | Militia |
| 13:02 | Crear | Villager (Male) |
| 13:08 | Construir | Blacksmith |
| 13:13 | Crear | Militia |
| 13:18 | Crear | Villager (Male) |
| 13:18 | Crear | Villager (Male) |
| 13:21 | Construir | House |
| 13:29 | Construir | House |
| 13:34 | Crear | Militia |
| 13:47 | Construir | Lumber Camp |
| 13:47 | Crear | Villager (Male) |
| 13:52 | Investigar | Fletching |
| 13:53 | Crear | Villager (Male) |
| 13:54 | Crear | Militia |
| 14:00 | Construir | Lumber Camp |
| 14:10 | Construir | Farm |
| 14:13 | Crear | Militia |
| 14:18 | Crear | Villager (Male) |
| 14:20 | Construir | House |
| 14:22 | Construir | Palisade Wall |
| 14:36 | Crear | Villager (Male) |
| 14:40 | Construir | Farm |
| 14:41 | Construir | Farm |
| 14:45 | Crear | Archer |
| 15:00 | Crear | Militia |
| 15:02 | Construir | House |
| 15:05 | Construir | Farm |
| 15:07 | Construir | Farm |
| 15:09 | Crear | Villager (Male) |
| 15:16 | Crear | Militia |
| 15:36 | Construir | Farm |
| 15:37 | Construir | Farm |
| 15:38 | Crear | Archer |
| 15:48 | Construir | House |
| 15:49 | Construir | House |
| 15:51 | Crear | Villager (Male) |
| 15:51 | Crear | Villager (Male) |
| 16:03 | Crear | Militia |
| 16:07 | Crear | Archer |
| 16:11 | Crear | Villager (Male) |
| 16:23 | Construir | Farm |
| 16:25 | Crear | Militia |
| 16:35 | Crear | Villager (Male) |
| 16:40 | Investigar | Scale Mail Armor |
| 16:42 | Crear | Archer |
| 17:01 | Crear | Militia |
| 17:02 | Crear | Villager (Male) |
| 17:04 | Construir | Farm |
| 17:05 | Crear | Archer |
| 17:15 | Crear | Villager (Male) |
| 17:16 | Construir | Farm |
| 17:19 | Crear | Villager (Male) |
| 17:19 | Construir | House |
| 17:25 | Crear | Militia |
| 17:35 | Crear | Villager (Male) |
| 17:37 | Construir | Farm |
| 17:38 | Construir | Farm |
| 17:39 | Construir | Farm |
| 17:40 | Construir | Farm |
| 17:41 | Crear | Militia |
| 17:45 | Crear | Militia |
| 17:51 | Crear | Archer |
| 17:53 | Crear | Villager (Male) |
| 17:59 | Investigar | Wheelbarrow |
| 18:00 | Investigar | Wheelbarrow |
| 18:04 | Construir | Farm |
| 18:10 | Crear | Militia |
| 18:13 | Crear | Archer |
| 18:25 | Crear | Villager (Male) |
| 18:27 | Crear | Militia |
| 18:30 | Crear | Villager (Male) |
| 18:35 | Crear | Militia |
| 18:48 | Crear | Archer |
| 18:49 | Crear | Villager (Male) |
Cronología de la partida
| 5:06 | OS+ | NeoZz · first_building Barracks |
| 7:34 | ThunderboltX · wall_segment Palisade Wall x1 |
| 8:00 | OS+ | NeoZz · wall_segment Palisade Wall x1 |
| 8:16 | ThunderboltX · first_building Barracks |
| 8:29 | ThunderboltX · wall_segment Palisade Wall x2 |
| 8:50 | ThunderboltX · age_up feudal |
| 9:00 | OS+ | NeoZz · age_up feudal |
| 9:10 | ThunderboltX · wall_segment Palisade Wall x1 |
| 9:12 | ThunderboltX · wall_segment Palisade Wall x1 |
| 9:14 | ThunderboltX · wall_segment Palisade Wall x1 |
| 9:14 | ThunderboltX · wall_segment Palisade Wall x1 |
| 9:16 | ThunderboltX · wall_segment Palisade Wall x1 |
| 9:25 | ThunderboltX · wall_segment Palisade Wall x1 |
| 9:36 | ThunderboltX · wall_segment Palisade Wall x2 |
| 9:42 | OS+ | NeoZz · first_building Archery Range |
| 9:43 | ThunderboltX · wall_segment Palisade Wall x2 |
| 9:56 | ThunderboltX · wall_segment Palisade Wall x2 |
| 9:58 | ThunderboltX · wall_segment Palisade Wall x1 |
| 10:01 | ThunderboltX · wall_segment Palisade Wall x2 |
| 10:11 | ThunderboltX · wall_segment Palisade Wall x1 |
| 10:11 | ThunderboltX · wall_segment Palisade Wall x1 |
| 10:28 | ThunderboltX · first_building Archery Range |
| 10:53 | ThunderboltX · wall_segment Palisade Wall x1 |
| 11:04 | ThunderboltX · wall_segment Palisade Wall x15 |
| 11:19 | OS+ | NeoZz · wall_segment Palisade Wall x6 |
| 11:27 | ThunderboltX · wall_segment Palisade Wall x1 |
| 11:37 | ThunderboltX · wall_segment Palisade Wall x9 |
| 11:42 | ThunderboltX · wall_segment Palisade Wall x1 |
| 11:42 | ThunderboltX · wall_segment Palisade Wall x1 |
| 11:59 | OS+ | NeoZz · wall_segment Palisade Wall x1 |
| 12:00 | OS+ | NeoZz · wall_segment Palisade Wall x1 |
| 12:01 | OS+ | NeoZz · wall_segment Palisade Wall x1 |
| 12:03 | OS+ | NeoZz · wall_segment Palisade Wall x1 |
| 12:04 | OS+ | NeoZz · wall_segment Palisade Wall x1 |
| 13:04 | ThunderboltX · wall_segment Palisade Wall x1 |
| 13:05 | ThunderboltX · wall_segment Palisade Wall x1 |
| 14:05 | ThunderboltX · wall_segment Palisade Wall x7 |
| 14:22 | OS+ | NeoZz · wall_segment Palisade Wall x1 |
| 16:31 | ThunderboltX · wall_segment Stone Wall x1 |
| 16:31 | ThunderboltX · wall_segment Stone Wall x1 |
| 17:33 | ThunderboltX · wall_segment Stone Wall x7 |
| 18:25 | ThunderboltX · wall_segment Stone Wall x1 |
| 18:59 | ThunderboltX · wall_segment Stone Wall x3 |
| 19:08 | ThunderboltX · wall_segment Stone Wall x4 |
| 22:25 | ThunderboltX · first_market_buy 100 food |
| 23:12 | OS+ | NeoZz · age_up castle |
| 23:20 | ThunderboltX · resign |
[ ANÁLISIS IA · 1 CRÉDITO ]
¿Qué pasó realmente en esta partida?
Wolo.gg analiza cada decisión: build order, eco, micro, errores típicos por bracket. Análisis personalizado por WhatsApp o Discord en 30 segundos.
Guía civ
Wei
Perfil
ThunderboltX (ThunderboltX)